 Dungeon Crawl Stone Soup version 0.29.1-1-gd02db6906a (webtiles) character file.

Game seed: 12485684712320591507

954 DocClef the Firebug (level 8, 0/58 HPs)
             Began as a Gnoll Fire Elementalist on Sept 21, 2022.
             Was a Follower of Okawaru.
             Slain by a centaur (3 damage)
             ... on level 5 of the Dungeon.
             The game lasted 00:05:53 (6000 turns).

DocClef the Firebug (Gnoll Fire Elementalist)       Turns: 6000, Time: 00:05:54

Health: 0/58       AC:  2    Str:  7    XL:     8   Next: 14%
Magic:  16/16      EV: 13    Int: 18    God:    Okawaru [*.....]
Gold:   101        SH:  4    Dex: 12    Spells: 17/18 levels left

rFire   . . .      SeeInvis .   s - +1 dagger (venom)
rCold   . . .      Faith    .   l - +0 buckler
rNeg    . . .      Spirit   .   a - +0 robe
rPois   .          Reflect  .   (no helmet)
rElec   .          Harm     .   (no cloak)
rCorr   .          Rampage  .   (no gloves)
Will    .....                   (no boots)
Stlth   +++.......              (no amulet)
HPRegen 0.19/turn               (no ring)
MPRegen 0.15/turn               (no ring)

@: no status effects
A: fangs 1, strong nose, distributed training
a: Renounce Religion, Heroism


You were on level 5 of the Dungeon.
You worshipped Okawaru.
Okawaru was aware of your devotion.
You visited 2 branches of the dungeon, and saw 6 of its levels.

You collected 179 gold pieces.
You spent 78 gold pieces at shops.

Inventory:

Hand Weapons
 s - a +1 dagger of venom (weapon)
Missiles
 d - 2 javelins
Armour
 a - a +0 robe (worn)
 l - a +0 buckler (worn)
Wands
 r - a wand of light (20)
Scrolls
 c - 7 scrolls of teleportation {unknown}
 f - a scroll of vulnerability {unknown}
 g - a scroll of enchant weapon {unknown}
 j - 2 scrolls of noise {unknown}
 k - a scroll of poison {unknown}
 m - 2 scrolls of immolation {unknown}
 o - a scroll of identify {unknown}
 q - 2 scrolls of fog {unknown}
 u - a scroll of magic mapping {unknown}
Potions
 b - a potion of magic
 e - 5 potions of flight
 h - 4 potions of mutation {unknown}
 i - 2 potions of degeneration {unknown}
 n - 2 potions of cancellation {unknown}
 p - 2 potions of curing
 t - a potion of attraction {unknown}


   Skills:
 + Level 3.1 Fighting
 + Level 3.1 Short Blades
 + Level 3.1 Long Blades
 + Level 3.1 Axes
 + Level 3.1 Maces & Flails
 + Level 3.1 Polearms
 + Level 3.1 Staves
 + Level 3.1 Ranged Weapons
 + Level 3.1 Throwing
 + Level 3.1 Armour
 + Level 5.6 Dodging
 + Level 5.2 Stealth
 + Level 3.1 Shields
 + Level 3.1 Unarmed Combat
 + Level 5.9 Spellcasting
 + Level 3.3 Conjurations
 + Level 2.5 Hexes
 + Level 2.5 Summonings
 + Level 2.5 Necromancy
 + Level 2.5 Translocations
 + Level 2.5 Transmutations
 + Level 6.0 Fire Magic
 + Level 2.5 Ice Magic
 + Level 2.5 Air Magic
 + Level 2.5 Earth Magic
 + Level 2.5 Poison Magic
 + Level 3.4 Invocations
 + Level 3.1 Evocations


You had 17 spell levels left.
You knew the following spells:

 Your Spells              Type           Power      Damage    Failure   Level
a - Foxfire               Conj/Fire      88%        2x1d8     2%          1

Your spell library contained the following spells:

 Spells                   Type           Power      Damage    Failure   Level
 Scorch                   Fire           54%        2d8       1%          2
 Conjure Flame            Conj/Fire      22%        6-21      7%          3
 Ensorcelled Hibernation  Hex/Ice        28%        N/A       9%          2
 Inner Flame              Hex/Fire       20%        N/A       9%          3
 Spider Form              Tmut/Pois      14%        N/A       17%         3
 Flame Wave               Conj/Fire      22%        2d8       22%         4
 Anguish                  Hex/Necr       7%         N/A       50%         4


Dungeon Overview and Level Annotations

Branches:
Dungeon (5/15)             Temple (1/1) D:4

Altars:
Ashenzari
Cheibriados
Dithmenos
Elyvilon
Fedhas
Gozag
Hepliaklqana
Kikubaaqudgha
Makhleb
Okawaru
Qazlal
Ru
Sif Muna
Trog
Uskayaw
Vehumet
Wu Jian
Xom
The Shining One

Shops:
D:3 !==


Innate Abilities, Weirdness & Mutations

You have very sharp teeth.
Your uncanny sense of smell can sniff out nearby items.
Your experience applies equally to all skills.


Message History

The white imp hits you. The white imp freezes you.
The quokka barely misses you. The centaur hits you.
The centaur kicks you but does no damage.
You hit the centaur but do no damage.
The centaur is moderately wounded.
The white imp closely misses you. The centaur hits you. The centaur kicks you.
The quokka closely misses you.
You hit the centaur.
The centaur looks as sick as possible!
The centaur is heavily wounded.
You block the centaur's attack. The centaur kicks you. The quokka bites you.
* * * LOW HITPOINT WARNING * * *
The white imp hits you but does no damage.
Unknown command.
You hit the centaur but do no damage.
The centaur looks as sick as possible!
You bite the centaur, but do no damage.
The centaur is heavily wounded.
The centaur barely misses you. The centaur kicks you.
* * * LOW HITPOINT WARNING * * *
The quokka bites you.
* * * LOW HITPOINT WARNING * * *
The white imp completely misses you.
You hit the white imp but do no damage.
The centaur hits you but does no damage.
The centaur misses you. The quokka closely misses you.
The centaur completely misses you. x2; The white imp barely misses you.
You hit the white imp.
The white imp is poisoned.
The white imp is lightly wounded.
The centaur hits you.
* * * LOW HITPOINT WARNING * * *
The centaur misses you. The quokka bites you.
* * * LOW HITPOINT WARNING * * *
You hit the white imp but do no damage.
The white imp looks as sick as possible!
The white imp is moderately wounded.
You block the centaur's attack. The centaur kicks you.
* * * LOW HITPOINT WARNING * * *
You block the white imp's attack. The quokka bites you.
* * * LOW HITPOINT WARNING * * *
The centaur barely misses you. The centaur kicks you.
You die...

..# ##....#
#...####.....#
..###.....##
###........#.....#
..##..##...###..........
.#....#
....####...##...........
.. .... ...##
##..#............ ...
... ..##
#...#........... ..>. #.
.## ##..##..........
....# ## #..###..r......
....# ### ##..
##@c...... ..# #..#
##5...... ..# #..#
#...... ..# ##.. #.....
..# ..# #.... .## ∆ #...
.# ##. .# .#


You could see a centaur (extremely poisoned), a white imp (extremely poisoned)
and a quokka.

Vanquished Creatures
  A black bear (D:5)
  An ogre (D:4)
  2 phantoms
  A bullfrog (D:4)
  2 scorpions (D:5)
  A jelly (D:4)
  4 iguanas (D:5)
  Terence (D:2)
  Jessica (D:3)
  Ijyb (D:3)
  Natasha (thrice) (D:4)
  5 adders
  4 gnolls (D:2)
  3 worms
  2 dart slugs
  2 orcs (D:3)
  2 ball pythons (D:1)
  9 endoplasms
  5 giant cockroaches
  7 hobgoblins
  4 quokkas
  3 bats
  5 frilled lizards
  5 goblins
  5 kobolds
  6 rats
85 creatures vanquished.

Vanquished Creatures (collateral kills)
  7 foxfires (D:1)
7 creatures vanquished.

Vanquished Creatures (others)
  242 foxfires
242 creatures vanquished.

Grand Total: 334 creatures vanquished

Notes
Turn   | Place    | Note
-------+----------+-------------------------------------------
     0 | D:1      | DocClef the Gnoll Fire Elementalist began the quest for the
                  | Orb.
     0 | D:1      | Reached XP level 1. HP: 13/13 MP: 6/6
   466 | D:1      | Reached XP level 2. HP: 19/19 MP: 2/7
  1192 | D:1      | Reached skill level 5 in Spellcasting
  1192 | D:1      | Reached XP level 3. HP: 25/25 MP: 7/9
  1444 | D:2      | Found a faded altar of an unknown god.
  1448 | D:2      | Reached skill level 1 in Invocations
  1711 | D:2      | Noticed Terence
  1724 | D:2      | Killed Terence
  1725 | D:2      | Reached skill level 1 in Fighting
  1725 | D:2      | Reached skill level 1 in Short Blades
  1725 | D:2      | Reached skill level 1 in Long Blades
  1725 | D:2      | Reached skill level 1 in Axes
  1725 | D:2      | Reached skill level 1 in Maces & Flails
  1725 | D:2      | Reached skill level 1 in Polearms
  1725 | D:2      | Reached skill level 1 in Staves
  1725 | D:2      | Reached skill level 1 in Ranged Weapons
  1725 | D:2      | Reached skill level 1 in Throwing
  1725 | D:2      | Reached skill level 1 in Armour
  1725 | D:2      | Reached skill level 1 in Shields
  1725 | D:2      | Reached skill level 1 in Unarmed Combat
  1725 | D:2      | Reached skill level 1 in Evocations
  1725 | D:2      | Reached XP level 4. HP: 27/32 MP: 2/11
  1960 | D:2      | Reached skill level 1 in Hexes
  1960 | D:2      | Reached skill level 1 in Summonings
  1960 | D:2      | Reached skill level 1 in Necromancy
  1960 | D:2      | Reached skill level 1 in Translocations
  1960 | D:2      | Reached skill level 1 in Transmutations
  1960 | D:2      | Reached skill level 1 in Ice Magic
  1960 | D:2      | Reached skill level 1 in Air Magic
  1960 | D:2      | Reached skill level 1 in Earth Magic
  1960 | D:2      | Reached skill level 1 in Poison Magic
  2242 | D:2      | Reached XP level 5. HP: 31/37 MP: 2/12
  2564 | D:2      | Found a bloodstained altar of Trog.
  2564 | D:2      | You fall into a shaft and drop 1 floor!
  2596 | D:3      | Found Pyg Ypriff's Distillery.
  2635 | D:3      | Bought a potion of curing for 39 gold pieces
  2635 | D:3      | Bought a potion of flight for 39 gold pieces
  3029 | D:3      | Found Qoohegh's Jewellery Emporium.
  3092 | D:3      | Noticed Ijyb
  3105 | D:3      | Killed Ijyb
  3359 | D:3      | Noticed Jessica
  3361 | D:3      | Killed Jessica
  3378 | D:3      | Found Fokomuys's Jewellery Shop.
  3609 | D:3      | Found a burning altar of Makhleb.
  3771 | D:3      | Reached XP level 6. HP: 30/44 MP: 13/13
  4007 | D:4      | Found a staircase to the Ecumenical Temple.
  4023 | Temple   | Entered the Ecumenical Temple
  4204 | Temple   | Became a worshipper of Warmaster Okawaru
  4283 | D:4      | Reached skill level 5 in Dodging
  4563 | D:4      | Reached XP level 7. HP: 51/51 MP: 15/15
  4588 | D:4      | Noticed Natasha
  4597 | D:4      | Killed Natasha
  4706 | D:4      | Noticed Natasha
  4716 | D:4      | Killed Natasha
  4754 | D:4      | Noticed Natasha
  4838 | D:4      | Killed Natasha
  4838 | D:4      | Reached * piety under Okawaru
  5200 | D:5      | Entered Level 5 of the Dungeon
  5211 | D:5      | Reached skill level 5 in Stealth
  5376 | D:5      | Reached skill level 6 in Fire Magic
  5721 | D:5      | Reached XP level 8. HP: 54/58 MP: 16/16
  6000 | D:5      | Slain by a centaur

Illustrated notes

Levels and vault maps discovered:
D:1:      dpeg_arrival_shelter, layout_loops_ring, serial_forest,
          infiniplex_forest_lined_2, infiniplex_forest_corner_1,
          infiniplex_forest_clump_medium, infiniplex_forest_zigzag_2,
          infiniplex_forest_end_1, infiniplex_forest_corner_1,
          infiniplex_forest_clump_diagonal, infiniplex_forest_straight_2,
          infiniplex_forest_lined_room_2
D:2:      layout_loops_corners, basic_altar, ebering_ecumenical_altar_mist,
          uniq_terence
D:3:      layout_basic, mainiacjoe_overflow_six_doors_small, serial_curves,
          eino_curves_01, eino_curves_01, eino_curves_01, serial_shops,
          nicolae_shop_behind_doors, shop, nicolae_shop_hallway_plus,
          nicolae_figureground_pulse, uniq_jessica, uniq_ijyb
D:4:      layout_loops_ring, minmay_temple_entry_butterflies, uniq_natasha
D:5:      layout_cave_pods
Temple:   bh_familiar_temple

Skill      XL: |  1  2  3  4  5  6  7 |
---------------+----------------------+-----
Conjurations   | 2 3 |  3.3
Spellcasting   | 5 |  5.9
Invocations    | 1 2 3 |  3.4
Fighting       | 1 2 3 |  3.1
Short Blades   | 1 2 3 |  3.1
Long Blades    | 1 2 3 |  3.1
Axes           | 1 2 3 |  3.1
Maces & Flails | 1 2 3 |  3.1
Polearms       | 1 2 3 |  3.1
Staves         | 1 2 3 |  3.1
Ranged Weapons | 1 2 3 |  3.1
Throwing       | 1 2 3 |  3.1
Armour         | 1 2 3 |  3.1
Shields        | 1 2 3 |  3.1
Unarmed Combat | 1 2 3 |  3.1
Evocations     | 1 2 3 |  3.1
Hexes          | 1 2 |  2.5
Summonings     | 1 2 |  2.5
Necromancy     | 1 2 |  2.5
Translocations | 1 2 |  2.5
Transmutations | 1 2 |  2.5
Ice Magic      | 1 2 |  2.5
Air Magic      | 1 2 |  2.5
Earth Magic    | 1 2 |  2.5
Poison Magic   | 1 2 |  2.5
Dodging        | 5 |  5.6
Stealth        | 5 |  5.2
Fire Magic     | 6 |  6.0

Action                   |  1- 3 |  4- 6 |  7- 9 || total
-------------------------+-------+-------+-------++-------
Melee: Short sword       |    21 |     7 |       ||    28
       Bite              |     4 |     9 |    12 ||    25
       Dagger            |       |    86 |   103 ||   189
 Cast: Foxfire           |    59 |    76 |     9 ||   144
 Stab: Sleeping          |     4 |     5 |     2 ||    11
Armor: Robe              |     1 |    10 |    14 ||    25
Dodge: Dodged            |    15 |    39 |    52 ||   106
Block: Buckler           |       |    13 |    15 ||    28
